 Dungeon Crawl Stone Soup version 0.24.0-123-gd5b16e6ec5 (webtiles) character file.

Game seed: 2602621763759248293, levelgen mode: deterministic

99 H0rd4k the Charlatan (level 5, -1/37 HPs)
             Began as a Human Artificer on Jan 30, 2020.
             Slain by a gnoll
             ... wielding a +0 spear
              (10 damage)
             ... on level 2 of the Dungeon.
             The game lasted 00:02:02 (2372 turns).

H0rd4k the Charlatan (Human Artificer)              Turns: 2372, Time: 00:02:02

Health: -1/37      AC:  3    Str: 13    XL:     5   Next: 2%
Magic:  7/7        EV: 12    Int: 11    God:
Gold:   109        SH:  0    Dex: 14    Spells: 4/4 levels left

rFire    . . .     SeeInvis .   a - +0 short sword
rCold    . . .     Gourm    .   (no shield)
rNeg     . . .     Faith    .   b - +0 leather armour
rPois    .         Spirit   .   (no helmet)
rElec    .         Reflect  .   (no cloak)
rCorr    .         Harm     .   (no gloves)
MR       .....                  (no boots)
Stlth    ++........             (no amulet)
HPRegen  0.12/turn              (no ring)
MPRegen  0.10/turn              (no ring)

@: no status effects
A: no striking features
a: no special abilities


You were on level 2 of the Dungeon.
You were near starving.

You visited 1 branch of the dungeon, and saw 2 of its levels.

You collected 109 gold pieces.

Inventory:

Hand Weapons
 a - a +0 short sword (weapon)
Armour
 b - a +0 leather armour (worn)
Jewellery
 m - an uncursed amulet of harm {unknown}
Wands
 c - a wand of flame (5)
 d - a wand of enslavement (15)
 e - a wand of random effects (15)
Scrolls
 g - 3 scrolls of remove curse {unknown}
 h - a scroll of immolation {unknown}
 i - a scroll of fog {unknown}
 j - 2 scrolls of identify {unknown}
 k - a scroll of noise {unknown}
 o - a scroll of enchant armour {unknown}
 q - a scroll of teleportation {unknown}
Potions
 l - a potion of resistance {unknown}
 n - a potion of might {unknown}
 p - a potion of invisibility {unknown}
Comestibles
 f - 5 rations


   Skills:
 + Level 1.4 Fighting
 + Level 2.2 Short Blades
 + Level 1.8 Armour
 + Level 2.3 Dodging
 + Level 1.8 Stealth
 + Level 3.6 Evocations


You had 4 spell levels left.
You didn't know any spells.
Your spell library was empty.

Dungeon Overview and Level Annotations

Branches:
Dungeon (2/15)

Altars:
Xom


Message History

You barely miss the gnoll.
The gnoll is heavily wounded.
The gnoll closely misses you.
Evoke which item? (* to show all) (? for menu, Esc to quit)
Aiming: Throw Flame
Press: ? - help, Shift-Dir - straight line, f/p - gnoll
Aim: a gnoll, wielding a +0 flail and wearing a +0 scale mail (heavily wounded)
The puff of flame hits the gnoll.
The gnoll is almost dead.
The gnoll hits you with a +0 flail!
* * * LOW HITPOINT WARNING * * *
Evoke which item? (* to show all) (? for menu, Esc to quit)
Aiming: Throw Flame
Press: ? - help, Shift-Dir - straight line, f/p - gnoll
Aim: a gnoll, wielding a +0 flail and wearing a +0 scale mail (almost dead)
The puff of flame hits the gnoll.
You kill the gnoll!
You have reached level 5!
The gnoll hits you from afar with a +0 spear!
You die...

#.# ########.# #.# # #.#
########.#########.# #
###.###...........)......# #
.........>####.#.######.## #
....###.#.# #.#.# #.# # ##..#
#.#.####.#.######.# # ##..#
#.#.......g.....#.#########
..<.###.#.......)......#.........
.#.†....#.####..@####.#.#.#######
.########.# #..## #.#.#.# # .#
#.# #..# #.#.#.# # .# #.# #..#
#.#.#.# # .# #.# ##.#####.#.#.# #
.# #.# #.#.........####### .# #.#
#.#.##............. .########.#
#.#.#.#.#.#.#######
..........#####....###..#.#


You could see a gnoll.

Vanquished Creatures
  3 gnolls
  An adder (D:2)
  An ooze (D:1)
  2 worms (D:2)
  A dart slug (D:1)
  3 leopard geckos
  4 bats
  4 giant cockroaches
  5 goblins (D:1)
  7 hobgoblins
  7 kobolds
  A quokka (D:2)
  A frilled lizard (D:2)
  6 rats
46 creatures vanquished.

Notes
Turn   | Place    | Note
-------+----------+-------------------------------------------
     0 | D:1      | H0rd4k the Human Artificer began the quest for the Orb.
     0 | D:1      | Reached XP level 1. HP: 15/15 MP: 3/3
    89 | D:1      | Reached XP level 2. HP: 16/21 MP: 4/4
   468 | D:1      | Reached XP level 3. HP: 15/26 MP: 5/5
  1161 | D:2      | Reached skill level 1 in Armour
  1175 | D:2      | Reached XP level 4. HP: 11/32 MP: 6/6
  1888 | D:2      | Found a shimmering altar of Xom.
  2372 | D:2      | Reached XP level 5. HP: 9/37 MP: 7/7
  2372 | D:2      | Slain by a gnoll

Levels and vault maps discovered:
D:1:      dpeg_arrival_round_c, layout_loops_ring, minmay_misc_feat_five
D:2:      layout_loops_ring, lemuel_coloured_pillars_altar

Skill      XL: |  1  2  3  4 |
---------------+-------------+-----
Armour         | 1 |  1.8
Short Blades   | 2 |  2.2
Fighting       | |  1.4
Dodging        | |  2.3
Stealth        | |  1.8
Evocations     | |  3.6

Action                   |  1- 3 |  4- 6 || total
-------------------------+-------+-------++-------
Melee: Short sword       |   115 |    74 ||   189
Evoke: Wand              |     1 |     9 ||    10
 Stab: Sleeping          |     5 |     2 ||     7
  Eat: Chunk             |       |     3 ||     3
Armor: Leather armour    |    18 |    19 ||    37
Dodge: Dodged            |    56 |    65 ||   121
